AoeStats
← TIMVP

Arena

509176857Analyzed
4v4 RM · 6d ago on Sep 25, 2026· 83m 8s· 8 players
Game mode
Random Map
Map size
Large (8 player)
Population
200
Speed
Normal
Resources
Standard
Victory
Conquest
Starting age
Dark Age
Ending age
Imperial Age
RankedLock teamsTeams togetherTeam positionsShared explorationLock speedFull tech treeHidden civsTurbo modeCheats
Victory
Defeat
🇻🇪 Portuguese · Venezuela
856
+9
🇵🇪 Danes · Peru
757
+13
🇵🇪 Bulgarians · Peru
751
+13
🇨🇱 Franks · Chile
713
+14
🇸🇪 Saracens · Sweden
734
-14
🇨🇴 Khmer · Colombia
676
-12
🇮🇪 Danes · Ireland
672
-12
🇭🇷 Romans · Croatia
651
-11
Mike1206
1:04 Loom
9:26 Feudal Age
18:49 Castle Age
18:09 Double-Bit Axe
18:06 Horse Collar
24:49 Town Watch
26:24 Wheelbarrow
26:23 Bow Saw
26:16 Heavy Plow
27:32 Tusk Swords
27:43 Town Patrol
29:10 Gold Mining
30:08 Forging
34:35 Imperial Age
32:53 Fletching
34:31 Scale Mail Armor
34:49 Hand Cart
36:11 Chain Mail Armor
35:35 Elite Ballista Elephant
37:37 Gold Shaft Mining
37:18 Double Crossbow
38:14 Capped Ram
39:05 Siege Ram
40:26 Iron Casting
40:01 Scale Barding Armor
40:32 Caravan
55:52 Blast Furnace
60:03 Chain Barding Armor
AvaCz
6:24 Loom
9:55 Feudal Age
11:16 Wheelbarrow
10:28 Double-Bit Axe
10:32 Arson
19:57 Castle Age
18:13 Scale Mail Armor
18:54 Forging
19:09 Stone Mining
20:03 Horse Collar
21:19 Hand Cart
21:44 Iron Casting
21:25 Chain Mail Armor
21:52 Iron Casting
22:44 Bow Saw
23:17 Squires
29:41 Fletching
31:03 Ballistics
30:40 Bodkin Arrow
31:54 Town Watch
32:27 Pikeman
37:06 Imperial Age
37:08 Masonry
38:09 Stone Shaft Mining
37:28 Gold Mining
37:48 Onager
37:54 Onager
38:05 Halberdier
39:51 Town Patrol
39:29 Siege Onager
41:26 Blast Furnace
40:56 Plate Mail Armor
42:05 Chemistry
43:35 Siege Engineers
44:07 Elite Jomsviking
46:15 Hamask
51:07 Conscription
53:27 Northmen's Fury
Lanyco
0:48 Loom
13:13 Feudal Age
14:36 Wheelbarrow
13:47 Town Watch
13:56 Double-Bit Axe
13:54 Horse Collar
14:12 Gold Mining
21:15 Castle Age
19:54 Stone Mining
20:52 Bloodlines
20:54 Scale Barding Armor
21:04 Forging
22:55 Husbandry
23:14 Bow Saw
27:01 Gold Shaft Mining
26:30 Heavy Plow
33:23 Imperial Age
31:39 Iron Casting
31:25 Chain Barding Armor
33:38 Caravan
37:50 Hand Cart
37:36 Town Patrol
38:13 Crop Rotation
45:12 Blast Furnace
45:09 Plate Barding Armor
45:38 Elite Centurion
47:57 Comitatenses
Trinitrotoluene
8:08 Loom
11:50 Feudal Age
12:26 Horse Collar
12:33 Double-Bit Axe
13:17 Stone Mining
13:20 Gold Mining
21:00 Castle Age
19:12 Fletching
20:48 Padded Archer Armor
22:18 Bodkin Arrow
22:51 Crossbowman
25:00 Light Cavalry
27:55 Heavy Plow
28:40 Town Watch
30:21 Ballistics
31:42 Wheelbarrow
32:09 Leather Archer Armor
36:29 Imperial Age
35:00 Bow Saw
35:04 Masonry
35:55 Thumb Ring
36:01 Scale Barding Armor
38:11 Caravan
38:36 Onager
39:31 Siege Engineers
40:50 Arbalester
43:42 Conscription
48:24 Man-at-Arms
48:28 Pikeman
51:46 Man-at-Arms
53:23 Long Swordsman
54:09 Gambesons
54:13 Two-Handed Swordsman
55:02 Scale Mail Armor
55:02 Champion
55:49 Squires
55:35 Arson
56:04 Forging
56:10 Chain Mail Armor
57:46 Iron Casting
60:12 Chemistry
58:42 Hussar
59:58 Plate Mail Armor
60:33 Blast Furnace
65:39 Chain Barding Armor
65:40 Bloodlines
65:32 Husbandry
69:37 Counterweights
69:43 Capped Ram
TIMVP
11:43 Feudal Age
12:11 Double-Bit Axe
13:05 Wheelbarrow
14:16 Loom
18:56 Castle Age
24:18 Horse Collar
31:42 Imperial Age
31:50 Imperial Age
29:34 Gold Mining
31:23 Heavy Plow
32:40 Gold Shaft Mining
34:28 Masonry
36:27 Scale Mail Armor
36:59 Squires
36:20 Pikeman
37:19 Chain Mail Armor
37:49 Ballistics
38:23 Heavy Scorpion
38:45 Elite Jomsviking
40:53 Plate Mail Armor
40:57 Halberdier
41:51 Forging
44:27 Chemistry
47:03 Iron Casting
47:40 Hamask
51:54 Hand Cart
52:48 Murder Holes
57:03 Northmen's Fury
66:17 Blast Furnace
80:34 Conscription
Takhyom
10:46 Feudal Age
13:38 Double-Bit Axe
18:02 Castle Age
20:03 Forging
19:56 Gold Mining
20:59 Wheelbarrow
21:37 Bow Saw
23:55 Hand Cart
26:36 Iron Casting
26:31 Stone Mining
27:19 Gold Shaft Mining
27:45 Loom
29:03 Town Watch
31:14 Coinage
30:45 Caravan
31:10 Scale Mail Armor
31:17 Scale Barding Armor
33:49 Chain Barding Armor
37:20 Imperial Age
35:13 Husbandry
35:32 Chain Mail Armor
35:57 Fletching
35:32 Ordonnance Companies
36:44 Masonry
36:45 Fortified Wall
36:46 Town Patrol
37:10 Squires
36:30 Pikeman
37:27 Cavalier
38:43 Plate Barding Armor
39:09 Blast Furnace
39:06 Conscription
38:58 Elite Throwing Axeman
41:01 Banking
41:17 Bodkin Arrow
40:54 Paladin
44:53 Ballistics
45:34 Chemistry
50:08 Plate Mail Armor
50:41 Chivalry
51:44 Architecture
50:58 Treadmill Crane
51:14 Murder Holes
51:21 Padded Archer Armor
54:32 Hoardings
55:06 Leather Archer Armor
55:14 Light Cavalry
56:03 Siege Engineers
58:38 Fervor
81:09 Arrowslits
Osuna30
10:35 Feudal Age
15:36 Castle Age
13:46 Double-Bit Axe
16:13 Horse Collar
17:21 Loom
17:57 Stone Mining
21:02 Town Watch
21:55 Wheelbarrow
22:46 Gold Mining
23:34 Treadmill Crane
24:52 Fletching
25:32 Padded Archer Armor
28:39 Imperial Age
27:08 Bodkin Arrow
27:40 Ballistics
27:03 Crossbowman
27:56 Thumb Ring
28:26 Circumnavigation
28:59 Hand Cart
29:43 Conscription
30:57 Chemistry
30:37 Bow Saw
30:29 Heavy Plow
30:04 Arbalester
32:27 Stone Shaft Mining
32:29 Elite Skirmisher
34:07 Leather Archer Armor
34:41 Bracer
34:57 Bloodlines
34:31 Elite Organ Gun
35:20 Husbandry
34:42 Light Cavalry
35:39 Forging
41:05 Scale Barding Armor
42:23 Siege Engineers
43:22 Masonry
43:50 Iron Casting
43:36 Chain Barding Armor
46:48 Blast Furnace
46:55 Plate Barding Armor
46:48 Murder Holes
47:25 Ring Archer Armor
52:54 Fervor
58:49 Pikeman
60:10 Fortified Wall
66:02 Architecture
66:55 Arquebus
69:17 Crop Rotation
69:44 Onager
79:01 Halberdier
A†ilA
13:03 Feudal Age
14:28 Wheelbarrow
13:39 Double-Bit Axe
18:06 Horse Collar
Connection lost

Rejoining the realm…

Still unreachable

The connection could not be restored.

Session expired

The server has moved on; the page needs a fresh start.